 Dungeon Crawl Stone Soup version 0.21.0-24-g2553a33 (webtiles) character file.

1141 tilp the Destroyer (level 8, -1/57 HPs)
             Began as a Black Draconian Conjurer on Jan 21, 2018.
             Slain by a rust devil (9 damage)
             ... on level 5 of the Dungeon.
             The game lasted 00:13:44 (6414 turns).

tilp the Destroyer (Black Draconian Conjurer)       Turns: 6414, Time: 00:13:45

Health: -1/57      AC:  2    Str: 11    XL:     8   Next: 14%
Magic:  16/16      EV: 12    Int: 17    God:
Gold:   226        SH:  0    Dex: 14    Spells: 11/18 levels left

rFire    . . .     SeeInvis .   r - +4 dagger
rCold    . . .     Gourm    .   (no shield)
rNeg     . . .     Faith    .   (armour unavailable)
rPois    .         Spirit   .   (helmet restricted)
rElec    +         Reflect  .   (no cloak)
rCorr    .         Harm     .   (no gloves)
MR       .....                  (no boots)
Stlth    +++.......             (no amulet)
HPRegen  0.19/turn              q - +2 ring of dexterity
MPRegen  0.15/turn              H - ring of wizardry

@: corroded
A: breathe lightning, unfitting armour, electricity resistance, cold-blooded, AC
+6
a: Breathe Lightning


You were on level 5 of the Dungeon.
You were not hungry.

You visited 1 branch of the dungeon, and saw 6 of its levels.

You collected 226 gold pieces.

Inventory:

Hand Weapons
 d - a +0 dagger of draining
 h - a +0 hunting sling
 r - a +4 dagger (weapon)
 x - a +2 hunting sling of flaming
 L - a +1 dagger of flaming
Missiles
 o - 126 stones
 v - 40 sling bullets
 w - 30 bolts
 K - 5 tomahawks (quivered)
Jewellery
 q - a +2 ring of dexterity (left hand)
 E - an uncursed ring of fire
 H - a ring of wizardry (right hand)
Wands
 z - a wand of disintegration (14)
 B - a wand of enslavement (14)
 I - a wand of iceblast (8)
Scrolls
 e - 5 scrolls of remove curse
 f - 3 scrolls of enchant armour
 g - 2 scrolls of teleportation
 j - 3 scrolls of amnesia
 l - 3 scrolls of fog
 p - a scroll of fear
 u - a scroll of magic mapping {unknown}
 y - a scroll of enchant weapon {unknown}
 A - a scroll of random uselessness {unknown}
 F - a scroll of noise {unknown}
Potions
 i - 3 potions of flight
 k - 6 potions of heal wounds
 m - a potion of brilliance {unknown}
 n - a potion of agility {unknown}
 s - 2 potions of curing {unknown}
 t - a potion of haste {unknown}
 C - a potion of magic {unknown}
 D - a potion of lignification {unknown}
 G - a potion of invisibility {unknown}
Books
 a - a book of Conjurations

   Spells                             Type                      Level
   a - Magic Dart                     Conjuration                  1
   b - Searing Ray                    Conjuration                  2
   c - Dazzling Spray                 Conjuration/Hexes            3
   d - Fulminant Prism                Conjuration/Hexes            4
   e - Force Lance                    Conjuration/Translocation    4
   f - Iskenderun's Mystic Blast      Conjuration                  4
Comestibles
 b - 7 rations
 J - 2 chunks of flesh


   Skills:
 - Level 1.7 Dodging
 - Level 4.1 Stealth
 + Level 5.5 Spellcasting
 - Level 8.0 Conjurations


You had 11 spell levels left.
You knew the following spells:

 Your Spells              Type           Power        Failure   Level  Hunger
a - Magic Dart            Conj           ####         1%          1    None
b - Searing Ray           Conj           ####..       1%          2    #......
c - Iskenderun's Mystic   Conj           ####....     1%          4    ####...


Dungeon Overview and Level Annotations

Branches:
Dungeon (6/15)
 Temple: D:4-7

Altars:
Nemelex Xobeh

Annotations:
D:4 jernau's ghost, amateur HOFi
D:5 vault w Autumn Katana + 2 rust devils


Innate Abilities, Weirdness & Mutations

You can breathe wild blasts of lightning.
Your glossy black scales are hard. (AC +6)
You cannot fit into any form of body armour.
You are resistant to electric shocks. (rElec)
You are cold-blooded and may be slowed by cold attacks.


Message History

H - a ring of wizardry (right hand) Memorise Iskenderun's Mystic Blast, consuming 4 spell levels and leaving 11?
You start memorising the spell.
You continue memorising. x4
You finish memorising.
Spell assigned to 'c'.
You climb upwards.
Level annotation: vault w Autumn Katana + 2 rust devils The rust devil screeches!
The orc warrior hits you with a trident!
The orc warrior shouts!
There is a stone staircase leading down here.
As you read the scroll of fog, it crumbles to dust.
The scroll dissolves into smoke.
The rust devil hits you! The rust devil corrodes you!
The orc warrior hits you with a trident!
The rust devil barely misses you.
The orc warrior hits you from afar with a trident!
* * * LOW HITPOINT WARNING * * *
The orc warrior closely misses you. The rust devil hits you!
You die...

#.#.########.......# ######<.....
#.#.# ##...###...###...........
#.#.# #..###∩###..##...........
#.#.# ###.##♣...♣##.##...........
#.#.###...#).....)#..#...........
.........###.....###.............
###.###..# +.§8§.+ #.............
###.###..###.§§4§###.............
.#...##...#)§§o4@§#..............
..........##♣o§§♣##...###########
###.##.....###§###....#
#.####.....###......# ###.#
##...........#.##### .##.#
###.......###.#...# .##.#
#...###.# #.#...# .##.# #...# #.#
#.#...# .##.# #...# #.###.#...#


You could see 2 rust devils and an orc warrior.

Vanquished Creatures
  A water moccasin (D:5)
  An orc warrior (D:6)
  2 ogres
  3 ice beasts
  A centaur (D:5)
  A crimson imp (D:6)
  A jelly (D:6)
  An orc wizard (D:6)
  A bullfrog skeleton (D:5)
  3 iguanas
  Terence (D:1)
  A worker ant (D:4)
  2 gnolls (D:2)
  6 adders
  A shadow imp (D:5)
  An ooze (D:4)
  2 worms
  A dart slug (D:2)
  3 leopard geckos
  10 orcs
  3 giant cockroaches (D:2)
  10 goblins
  9 hobgoblins
  3 kobolds
  2 quokkas (D:6)
  6 bats
  6 frilled lizards
  A jackal zombie (D:6)
  5 rats
88 creatures vanquished.

Notes
Turn   | Place    | Note
-------+----------+-------------------------------------------
     0 | D:1      | tilp the Draconian Conjurer began the quest for the Orb.
     0 | D:1      | Reached XP level 1. HP: 14/14 MP: 3/3
   765 | D:2      | Reached XP level 2. HP: 20/20 MP: 0/5
   774 | D:2      | Learned a level 2 spell: Searing Ray
   875 | D:2      | Noticed Terence
  1028 | D:2      | Reached skill level 5 in Conjurations
  1070 | D:2      | Reached XP level 3. HP: 26/26 MP: 2/6
  1388 | D:1      | Killed Terence
  1388 | D:1      | Reached XP level 4. HP: 18/33 MP: 2/7
  2015 | D:3      | Reached skill level 6 in Conjurations
  2932 | D:4      | Reached XP level 5. HP: 38/38 MP: 2/8
  3044 | D:4      | Noticed jernau's ghost (amateur HOFi)
  3443 | D:4      | Noticed an ogre
  3449 | D:4      | Killed an ogre
  3449 | D:4      | Reached skill level 7 in Conjurations
  3449 | D:4      | Reached XP level 6. HP: 42/45 MP: 2/9
  4067 | D:4      | Found a sparkling altar of Nemelex Xobeh.
  4123 | D:5      | Entered Level 5 of the Dungeon
  4134 | D:5      | Noticed an ice beast
  4183 | D:5      | Killed an ice beast
  4183 | D:5      | Reached skill level 8 in Conjurations
  4539 | D:5      | Noticed a water moccasin
  4543 | D:5      | Killed a water moccasin
  4543 | D:5      | Your scales start taking on a glossy black colour.
  4543 | D:5      | Reached XP level 7. HP: 36/50 MP: 5/11
  4543 | D:5      | Gained mutation: You are resistant to electric shocks. (rElec) [Black Draconian growth]
  6077 | D:6      | Reached XP level 8. HP: 57/57 MP: 9/15
  6192 | D:6      | Reached skill level 5 in Spellcasting
  6390 | D:5      | Noticed a rust devil
  6390 | D:5      | Noticed a rust devil
  6391 | D:5      | Found the +8 autumn katana {slice, Clar}
  6391 | D:5      | Found the +5 scythe "Finisher" {speed, Str+3}
  6410 | D:6      | Learned a level 4 spell: Iskenderun's Mystic Blast
  6414 | D:5      | Slain by a rust devil

Skill      XL: |  1  2  3  4  5  6  7  8 |
---------------+-------------------------+-----
Conjurations   | 5 6 7 8 |  8.0
Stealth        | 3 4 |  4.1
Spellcasting   | 3 4 5 |  5.5
Dodging        | |  1.7

Action                   |  1- 3 |  4- 6 |  7- 9 || total
-------------------------+-------+-------+-------++-------
Melee: Dagger            |    38 |    74 |    27 ||   139
       Tailslap          |     1 |     7 |     5 ||    13
Throw: Stone             |     2 |       |     3 ||     5
 Cast: Magic Dart        |    28 |     5 |     3 ||    36
       Searing Ray       |     3 |    18 |    13 ||    34
  Use: Scroll            |       |       |     9 ||     9
 Stab: Sleeping          |       |     7 |     1 ||     8
  Eat: Chunk             |     2 |    11 |     6 ||    19
Armor: Skin              |    13 |    23 |    14 ||    50
Dodge: Dodged            |    44 |    43 |    42 ||   129
